 Dungeon Crawl Stone Soup version 0.21-a0-404-g291f19a (webtiles) character file.

186 graki42 the Shield-Bearer (level 5, 0/33 HPs)
             Began as a Gargoyle Fighter on Oct 28, 2017.
             Killed from afar by nikopol's ghost (23 damage)
             ... with a flame tongue
             ... on level 5 of the Dungeon.
             The game lasted 00:03:51 (1995 turns).

graki42 the Shield-Bearer (Gargoyle Fighter)        Turns: 1995, Time: 00:03:52

Health: 0/33       AC: 13    Str: 21    XL:     5   Next: 66%
Magic:  5/5        EV:  8    Int: 12    God:
Gold:   164        SH:  9    Dex:  9    Spells: 4/4 levels left

rFire    . . .     SeeInvis .   a - +0 flail
rCold    . . .     Gourm    .   c - +0 shield
rNeg     + . .     Faith    .   b - +0 scale mail
rPois    ∞         Spirit   .   (no helmet)
rElec    +         Reflect  .   (no cloak)
rCorr    .         Harm     .   v - +1 pair of gloves
MR       .....                  (no boots)
Stlth    ..........             (no amulet)
HPRegen  0.11/turn              k - +4 ring of intelligence
MPRegen  0.09/turn              (no ring)

@: no status effects
A: negative energy resistance 1, electricity resistance, unbreathing,
petrification resistance, rot immunity, AC +4
a: no special abilities


You were on level 5 of the Dungeon.
You were not hungry.

You visited 1 branch of the dungeon, and saw 4 of its levels.

You collected 164 gold pieces.

Inventory:

Hand Weapons
 a - a +0 flail (weapon)
Armour
 b - a +0 scale mail (worn)
 c - a +0 shield (worn)
 v - a +1 pair of gloves (worn)
Jewellery
 k - a +4 ring of intelligence (left hand)
Scrolls
 e - 5 scrolls of identify {unknown}
 h - a scroll of amnesia {unknown}
 l - a scroll of teleportation {unknown}
 o - a scroll of fear {unknown}
 p - 2 scrolls of remove curse {unknown}
 u - a scroll of enchant armour {unknown}
 x - a scroll of immolation {unknown}
Potions
 d - 2 potions of might
 g - a potion of resistance {unknown}
 i - 2 potions of berserk rage {unknown}
 j - a potion of cancellation {unknown}
 m - a potion of mutation {unknown}
 n - a potion of curing {unknown}
 r - a potion of ambrosia {unknown}
 s - 2 potions of magic {unknown}
 z - 2 potions of brilliance {unknown}
Comestibles
 f - 3 bread rations
 q - 2 meat rations
 t - a royal jelly


   Skills:
 + Level 3.9 Fighting
 + Level 3.5 Maces & Flails
 + Level 4.0 Armour
 + Level 0.9 Dodging
 + Level 4.6 Shields


You had 4 spell levels left.
You didn't know any spells.

Dungeon Overview and Level Annotations

Branches:
Dungeon (3/15)

Altars:

Annotations:
D:5 Blork the orc; nikopol's ghost, novice DEFE


Innate Abilities, Weirdness & Mutations

You are resistant to torment.
Your stone body is resilient. (AC +4)
You are immune to poison.
You resist negative energy. (rN+)
You are resistant to electric shocks. (rElec)
You can survive without breathing.
You are immune to petrification.
You are immune to rotting.


Message History

Blork the orc seems to speed up.
You hear a shout!
A scorpion comes into view.
Blork the orc frowns.
The scorpion barely misses you. You block the scorpion's attack.
You block the scorpion's attack.
Blork the orc looks braver for a moment.
Found 11 gold pieces, a murky dark potion and a spear.
Found a shiny ivory wand.
Blork the orc points at you and mumbles some strange words.
The puff of frost hits you!
An ogre comes into view. It is wielding a giant club.
The ogre shouts!
Nikopol's ghost shouts, "You will join me soon!"
Nikopol's ghost grins evilly.
Nikopol's ghost gestures at you while chanting.
The flame tongue hits you!
Ouch! That really hurt!
You die...

...##......##..##.##.##
......................#
......#..........$##.##
......................#
....#.#....##..#O.##.##
....#..........#..# #
...............Wso##.#
..................##
.............@.....#
.##.....##.##...#.##
.........../....# ..##
##.....# . .......#
.....### #....# #....#


You could see Blork the orc, an ogre, a scorpion and nikopol's ghost.

Vanquished Creatures
  The ghost of anet the Conjurer, an amateur DEWz (D:3)
  5 adders
  An ooze (D:2)
  A worm (D:3)
  2 dart slugs
  3 leopard geckos
  2 orcs (D:3)
  5 giant cockroaches
  6 goblins
  6 hobgoblins
  A jackal (D:1)
  9 kobolds
  A quokka (D:3)
  5 bats
  2 frilled lizards (D:1)
  7 rats
57 creatures vanquished.

Notes
Turn   | Place    | Note
-------+----------+-------------------------------------------
     0 | D:1      | graki42 the Gargoyle Fighter began the quest for the Orb.
     0 | D:1      | Reached XP level 1. HP: 14/14 MP: 1/1
    79 | D:1      | Reached XP level 2. HP: 19/19 MP: 2/2
   374 | D:1      | Reached XP level 3. HP: 23/23 MP: 3/3
   861 | D:2      | Reached XP level 4. HP: 27/28 MP: 4/4
  1597 | D:3      | Noticed anet's ghost (amateur DEWz)
  1624 | D:3      | Killed anet's ghost
  1624 | D:3      | Reached XP level 5. HP: 12/33 MP: 5/5
  1973 | D:3      | You fall through a shaft for 2 floors!
  1973 | D:5      | Entered Level 5 of the Dungeon
  1973 | D:5      | Noticed Blork the orc
  1973 | D:5      | Noticed a slave
  1973 | D:5      | Noticed nikopol's ghost (novice DEFE)
  1989 | D:5      | Noticed an ogre
  1995 | D:5      | Killed from afar by nikopol's ghost

Vault maps used:
D:1:      scummos_arrival_gate, minmay_pentomino_v4
D:2:      first_bread
D:3:      minmay_misc_feat_plants
D:5:      gup_ossuary_entry_pyramid, uniq_blork_the_orc, uniq_pikel, uniq_edmund

Skill      XL: |  1  2  3  4 |
---------------+-------------+-----
Maces & Flails | 3 |  3.5
Shields        | 4 |  4.6
Armour         | 4 |  4.0
Fighting       | |  3.9
Dodging        | |  0.9

Action                   |  1- 3 |  4- 6 || total
-------------------------+-------+-------++-------
Melee: Flail             |   134 |   135 ||   269
  Eat: Chunk             |       |     4 ||     4
Armor: Scale mail        |    91 |    60 ||   151
Dodge: Dodged            |    58 |    46 ||   104
Block: Shield            |    83 |    87 ||   170

Table legend:
 A = Spawn XP
 B = Non-spawn XP
 C = Spawn XP percentage of total XP
 D = Spawn monster count
 E = Non-spawn monster count
 F = Spawn count percentage of total count
 G = Total turns spent on level
                    A         B        C        D         E        F      G
               +---------+---------+-------+---------+---------+-------+---------
         Total |       0 |     267 |   0.0 |       0 |      57 |   0.0 |  1995
               +---------+---------+-------+---------+---------+-------+---------
           D:1 |       0 |      43 |   0.0 |       0 |      23 |   0.0 |   527
           D:2 |       0 |      93 |   0.0 |       0 |      23 |   0.0 |   697
           D:3 |       0 |     131 |   0.0 |       0 |      11 |   0.0 |   749
               +---------+---------+-------+---------+---------+-------+---------
